Map: Para Site LE

Players

OldGregg - Winner!

  • Race: Zerg Zerg
  • League: Platinum
  • Spawn Location: 5:00

JamesHowlett

  • Race: Zerg Zerg
  • League: Platinum
  • Spawn Location: 11:00

VOD

Have the link to the VOD?

Description

Time

  • Played on: Dec. 1, 2018, 7:46 a.m.
  • Length: 17:16
Show
View Real Time Build Order
Export as new Build Order

OldGregg Zerg - Winner!

Build Orders: Hatch First 

Get SALT Encoding   

  12  0:01  Drone  
  13  0:14  Overlord  
  13  0:21  Drone  
  14  0:33  Drone x2  
  16  0:38  Drone  
  17  0:57  Hatchery  
  17  0:58  Drone  
  17  1:03  Drone  
  18  1:08  Drone  
  19  1:13  Extractor  
  18  1:22  Spawning Pool  
  18  1:25  Drone  
  18  1:31  Drone  
  19  1:41  Drone  
  20  1:53  Overlord  
  20  2:10  Queen x2  
  20  2:11  Zergling x4  
  20  2:13  Drone  
  27  2:22  Zergling x2  
  28  2:24  Zergling x2  
  28  2:26  Metabolic Boost  
  29  2:34  Baneling Nest  
  29  2:37  Drone  
  29  2:42  Zergling x4  
  31  2:52  Queen  
  33  3:07  Drone x3  
  36  3:23  Overlord  
  36  3:28  Hatchery  
  35  3:46  Drone  
  35  3:47  Overlord x2  
  36  3:50  Baneling x4  
  36  3:53  Overlord  
  36  4:05  Queen  
  38  4:15  Drone x6  
  44  4:21  Drone  
  45  4:24  Drone  
  46  4:37  Zergling x6  
  49  4:53  Zergling x10  
  53  5:04  Zergling x8  
  57  5:08  Drone  
  57  5:10  Drone  
  59  5:18  Queen  
  59  5:19  Drone  
  59  5:20  Drone x3  
  59  5:21  Overlord  
  65  5:23  Overlord  
  65  5:30  Lair  
  65  5:31  Evolution Chamber  
  65  5:33  Evolution Chamber, Baneling x2  
  62  5:56  Zergling x6  
  63  6:07  Drone x7  
  63  6:08  Zergling x10  
  75  6:18  Zerg Melee Weapons Level 1  
  75  6:19  Zerg Ground Armor Level 1  
  75  6:26  Baneling x3  
  75  6:27  Baneling x2  
  75  6:32  Extractor  
  74  6:41  Drone x2  
  74  6:42  Drone x6  
  82  6:49  Overlord x4  
  82  6:50  Overlord x2  
  80  7:17  Extractor  
  80  7:21  Extractor  
  80  7:22  Drone x2  
  80  7:26  Centrifical Hooks  
  80  7:30  Zergling x16  
  80  7:31  Zergling x6  
  80  7:34  Baneling x4  
  91  7:42  Overlord x3  
  91  7:45  Queen  
  91  7:50  Queen  
  95  7:54  Drone x3  
  95  7:55  Drone x2  
  95  7:56  Drone x3  
  103  8:17  Overseer  
  86  8:35  Roach Warren  
  84  8:42  Zergling x20  
  84  8:43  Zergling x4  
  98  8:50  Zerg Melee Weapons Level 2, Hatchery  
  92  8:57  Spire  
  90  9:04  Extractor  
  90  9:05  Extractor  
  88  9:17  Roach x6  
  88  9:22  Overlord  
  100  9:26  Drone  
  100  9:27  Drone x2  
  103  9:36  Drone x2  
  105  9:39  Overseer  
  105  9:41  Overseer  
  105  9:42  Overseer  
  105  9:44  Hatchery  
  104  9:47  Zergling x8  
  104  9:49  Zerg Ground Armor Level 2  
  108  10:13  Drone x4  
  112  10:14  Mutalisk  
  112  10:15  Mutalisk x3  
  120  10:26  Baneling x3  
  120  10:27  Baneling x2  
  120  10:28  Roach x4  
  128  10:38  Zerg Flyer Armor Level 1  
  128  10:46  Roach x5  
  138  10:50  Glial Reconstitution  
  138  10:51  Mutalisk x2  
  121  11:29  Roach x2  
  121  11:30  Roach x12  
  133  11:37  Zergling x6  
  116  11:44  Zergling x4  
  103  11:51  Zergling x8  
  96  11:54  Zergling x2  
  96  11:59  Baneling x4  
  96  12:00  Baneling  
  97  12:02  Zergling x2  
  97  12:03  Zergling x10  
  103  12:12  Infestation Pit  
  98  12:26  Hatchery  
  98  12:27  Roach x5  
  98  12:28  Roach x3  
  113  12:32  Zergling x4  
  113  12:33  Zergling x2  
  116  12:41  Zerg Missile Weapons Level 1  
  116  12:48  Zergling x10  
  121  12:53  Baneling  
  121  12:54  Baneling x23  
  121  12:55  Baneling x5  
  107  13:19  Roach  
  108  13:20  Roach, Zergling x6  
  107  13:31  Mutalisk  
  109  13:38  Zergling x6  
  113  13:41  Drone  
  113  13:47  Baneling x5  
  113  13:52  Drone x2  
  108  14:10  Zergling x14  
  108  14:14  Zergling x4  
  108  14:19  Baneling x5  
  108  14:23  Zergling x2  
  109  14:36  Baneling x13  
  109  14:37  Baneling x2  
  109  14:38  Baneling  
  109  14:40  Baneling  
  109  14:41  Baneling  
  109  14:44  Mutalisk  
  111  14:56  Baneling x7  
  111  14:57  Baneling x5  
  111  15:03  Drone  
  111  15:04  Drone  
  113  15:35  Zergling x32  
  102  16:02  Zergling x18  
  102  16:03  Zergling x8  
  80  16:18  Baneling x11  
  72  16:19  Baneling x6  
  72  16:20  Baneling  
  72  16:27  Extractor  
  72  16:28  Extractor  
  72  16:30  Baneling x2  
  72  16:31  Baneling x6  
  72  16:32  Baneling  
Show
View Real Time Build Order
Export as new Build Order

JamesHowlett Zerg 

Build Orders: Hatch First 

Get SALT Encoding   

  12  0:01  Drone  
  13  0:16  Drone  
  13  0:20  Overlord  
  14  0:39  Drone  
  15  0:51  Hatchery  
  14  0:57  Drone x2  
  14  1:02  Drone  
  17  1:13  Spawning Pool  
  17  1:14  Drone  
  17  1:31  Drone x2  
  19  1:36  Extractor  
  18  1:44  Drone  
  19  1:51  Drone  
  20  2:04  Overlord  
  20  2:07  Overlord  
  20  2:17  Zergling x4  
  20  2:18  Queen  
  20  2:19  Queen  
  26  2:49  Drone  
  26  2:50  Drone x4  
  31  2:55  Overlord  
  31  3:14  Overlord x2  
  31  3:15  Hatchery  
  30  3:24  Queen  
  30  3:25  Drone  
  30  3:26  Drone x3  
  36  3:33  Zergling x6  
  39  3:36  Drone  
  39  3:38  Drone  
  41  3:42  Metabolic Boost  
  41  3:54  Extractor, Drone x2  
  42  3:57  Extractor  
  41  4:05  Roach Warren  
  40  4:16  Drone  
  40  4:17  Drone x2  
  42  4:22  Drone x2  
  42  4:23  Drone  
  46  4:27  Drone x3  
  49  4:33  Drone x4  
  49  4:38  Drone  
  54  4:39  Queen  
  54  4:43  Lair  
  56  4:58  Drone x3  
  56  4:59  Drone x2  
  61  5:00  Drone  
  62  5:27  Roach x2  
  66  5:29  Overlord x3  
  66  5:30  Overlord  
  66  5:31  Overlord x3  
  66  5:43  Glial Reconstitution  
  66  5:45  Hatchery  
  56  6:04  Roach  
  56  6:05  Roach x5  
  68  6:14  Hatchery  
  67  6:19  Pneumatized Carapace  
  67  6:22  Burrow  
  67  6:31  Roach  
  67  6:32  Roach x5  
  75  7:14  Roach x6  
  75  7:15  Roach x6  
  99  7:24  Extractor  
  99  7:28  Extractor  
  99  7:29  Drone  
  100  7:30  Drone x8  
  100  7:31  Queen  
  108  7:39  Ravager  
  108  7:40  Ravager x7  
  116  7:46  Drone x2  
  116  7:47  Drone  
  116  7:49  Overlord  
  116  7:50  Overlord x2  
  119  7:51  Overlord  
  119  8:07  Queen  
  119  8:09  Evolution Chamber  
  119  8:11  Evolution Chamber  
  119  8:12  Hydralisk Den  
  112  9:01  Drone  
  112  9:02  Drone x2  
  115  9:03  Drone x3  
  115  9:06  Zergling x6  
  115  9:07  Zergling x42  
  142  9:35  Zerg Missile Weapons Level 1  
  142  9:36  Zerg Ground Armor Level 1  
  142  9:39  Grooved Spines  
  142  9:44  Extractor, Drone x3  
  144  9:47  Drone x2  
  144  9:48  Drone  
  144  9:49  Drone  
  144  9:50  Drone x2  
  150  10:00  Infestation Pit  
  150  10:04  Hydralisk  
  150  10:05  Nydus Network  
  150  10:11  Overlord x3  
  150  10:13  Overlord  
  150  10:35  Hydralisk, Hatchery  
  149  10:36  Hydralisk x16  
  149  10:40  Overlord x2  
  183  10:50  Muscular Augments  
  183  11:08  Nydus Canal  
  118  11:34  Roach, Hydralisk x4  
  118  11:35  Roach x3, Hydralisk x3  
  118  11:36  Roach x4, Hydralisk x4  
  118  11:37  Roach x2  
  125  12:37  Hydralisk x4  
  122  12:38  Hydralisk x4  
  122  12:39  Hydralisk x4  
  113  13:23  Hydralisk x4  
  113  13:24  Hydralisk x3  
  113  13:25  Hydralisk x4  
  113  13:26  Hydralisk  
  117  13:35  Hydralisk  
  117  13:36  Hydralisk x4  
  117  13:37  Hydralisk x4  
  117  13:38  Hydralisk x2  
  139  13:45  Zerg Missile Weapons Level 2  
  139  13:46  Zerg Ground Armor Level 2  
  139  13:49  Hive  
  139  14:02  Hydralisk x4  
  141  14:03  Hydralisk  
  141  14:09  Hatchery  
  132  14:10  Extractor  
  131  14:21  Extractor  
  130  14:26  Roach  
  130  14:27  Roach x6  
  144  14:43  Overseer  
  144  15:23  Hatchery  
  130  16:25  Zergling x4  
  131  16:38  Hatchery  
  130  16:43  Roach Warren  
  128  16:53  Nydus Canal  
Tags
 
Add a new tag
Caveats
  • Supply blocks, unpowered buildings, or Contaminate may cause inaccurate times.
  • Supply counts are checked every 10 seconds.